 Dungeon Crawl Stone Soup version 0.30-a0-223-gcb0039aa0c (webtiles) character file.

Game seed: 2539242131369775166

16139 qw the Cleaver (level 12, -1/77 HPs)
             Began as a Gargoyle Fighter on Oct 9, 2022.
             Was an Elder of Okawaru.
             Slain by a death yak (4 damage)
             ... summoned by an orange crystal statue
             ... on level 3 of the Lair of Beasts.
             The game lasted 00:05:16 (10910 turns).

qw the Cleaver (Gargoyle Fighter)                  Turns: 10910, Time: 00:05:16

Health: -1/77      AC: 35    Str: 26    XL:     12   Next: 34%
Magic:  1/19       EV: 14    Int: -63 (8) God:    Okawaru [****..]
Gold:   740        SH:  0    Dex:  9    Spells: 11/11 levels left

rFire   + . .      SeeInvis .    v - +2 broad axe (flame)
rCold   + . .      Faith    .    c - +0 buckler
rNeg    + . .      Spirit   .    n - +0 chain mail
rPois   inf        Reflect  +    s - +2 helmet
rElec   +          Harm     .    w - scarf {rC+ rF+}
rCorr   .          Rampage  .    q - +3 pair of gauntlets of War {Slay+5}
Will    .....                    l - +1 pair of boots
Stlth   ..........               x - amulet of reflection
HPRegen 0.32/turn                f - +4 ring of evasion
MPRegen 0.16/turn                g - +4 ring of protection

@: confused, heroic, slowed, lost intelligence, unable to read, very slow
A: sickness immunity, AC +8, negative energy resistance 1, electricity
resistance, torment resistance 1, petrification resistance
a: Renounce Religion, Heroism, Finesse


You were on level 3 of the Lair of Beasts.
You worshipped Okawaru.
Okawaru was greatly pleased with you.
You visited 3 branches of the dungeon, and saw 13 of its levels.
You also visited: Ossuary.

You collected 740 gold pieces.


Innate Abilities, Weirdness & Mutations

You are immune to sickness and miasma.
Your stone body is resilient. (AC +8)
You are immune to poison.
You resist negative energy. (rN+)
You are resistant to electric shocks. (rElec)
You are resistant to unholy torment.
You are immune to petrification.


   Skills:
 - Level 10.0(15.0) Fighting
 - Level 12.0(17.0) Axes
 - Level 3.0(8.0) Throwing
 + Level 7.3(12.3) Armour
 - Level 2.0(7.0) Dodging
 - Level 6.0(11.0) Shields
 + Level 9.9 Invocations


You had 11 spell levels left.
You didn't know any spells.
Your spell library was empty.

Inventory:

Hand Weapons
 v - a +2 broad axe of flaming (weapon)
Armour
 b - +0 acid dragon scales
 c - a +0 buckler (worn)
 l - a +1 pair of boots (worn)
 n - a +0 chain mail (worn)
 q - the +3 pair of gauntlets of War (worn) {Slay+5}
   (You acquired it in an ossuary)

   Slay:      It affects your accuracy & damage with ranged weapons and melee
   (+5).
 s - a +2 helmet (worn)
 w - a scarf of resistance (worn)
Jewellery
 f - a +4 ring of evasion (left hand)
 g - a +4 ring of protection (right hand)
 k - a ring of ice
 p - a ring of protection from fire
 x - an amulet of reflection (around neck)
Scrolls
 h - 2 scrolls of identify
Potions
 a - 2 potions of mutation
 d - 4 potions of might
 i - a potion of haste
 j - 3 potions of heal wounds
 m - 2 potions of lignification
 o - 2 potions of attraction
 r - 2 potions of magic
 u - a potion of cancellation

Dungeon Overview and Level Annotations

Branches:
Dungeon (9/15)             Temple (1/1) D:5            Lair (3/5) D:9
 Shoals (0/4) Lair:3       Spider (0/4) Lair:2      Ossuary (visited)
    Orc: D:9-12

Altars:
Ashenzari
Cheibriados
Dithmenos
Elyvilon
Fedhas
Hepliaklqana
Kikubaaqudgha
Makhleb
Nemelex Xobeh
Okawaru
Qazlal
Ru
Sif Muna
Trog
Uskayaw
Vehumet
Wu Jian
Xom
Yredelemnul
Zin

Annotations:
D:8 1 runed translucent door, qw's ghost, novice GrFi
D:9 2 runed translucent doors, qw's ghost, novice GrFi


Message History

You hit the death yak but do no damage.
The death yak is almost dead.
You hit the death yak. You burn the death yak.
The death yak gores you but does no damage.
The death yak gores you!
The death yak gores you but does no damage. x2
You feel less confused.
10905 ||| INVOKING Heroism.
You gain the combat prowess of a mighty hero.
You block the death yak's attack. The death yak barely misses you.
The death yak gores you but does no damage. x3
The orange crystal statue fixes its piercing gaze on you.
You slice the death yak!! You burn the death yak.
You kill the death yak!
The death yak's corpse dissolves into shadows!
You barely miss the death yak. You slash the death yak! You burn the death yak.
The death yak gores you but does no damage.
You block the death yak's attack.
You slash the death yak! You burn the death yak.
The death yak is moderately wounded.
You hit the death yak. You burn the death yak.
You block the death yak's attack. x2
You hit the death yak but do no damage.
The death yak is moderately wounded.
You slash the death yak! You burn the death yak. You hit the death yak.
You burn the death yak.
The death yak gores you but does no damage. x2
The orange crystal statue glitters.
You are confused.
The death yak gores you!
The death yak gores you but does no damage. x2
The death yak gores you!
The death yak gores you but does no damage.
The death yak barely misses you.
You slice the death yak!! You burn the death yak!
The death yak is almost dead.
You completely miss the death yak. You hit the death yak but do no damage.
The death yak completely misses you. The death yak gores you!
The death yak gores you.
You die...

... #.#.<....###### #P..
#......###...# #...
#...###....###..#>#. ##...
#..##.#....#...~~~~~ #.#..
#..#.#.....#.~~~###~
#..P####...........~.######
#.........[##.#...###..###
####......(.)..####.##
#..##P
....(......Y@...##P>.#
##....
.[.........YY...#...##
###..
#...................## ###.
¤....¤¤¤~............# #P..
.....¤~~¤~.......#..P# ##..
.....¤¤¤~~¤¤........## ##.
P....~~¤YF~~~......## #.
#.....~.=8l~...(...# ##
...!.~.~.¤~~......#.# #


You could see 3 death yaks, an orange crystal statue, a komodo dragon
(summoned), a yak (summoned) and a bullfrog (summoned).

Vanquished Creatures
  Fannar (Lair:1)
  A hydra (Lair:3)
  2 two-headed ogres (D:9)
  Erica (Lair:1)
  Amaemon (Lair:1)
  Pikel (D:7)
  An ugly thing (D:9)
  2 black mambas
  Maggie (D:8)
  4 cane toads
  4 komodo dragons
  A rime drake (Lair:2)
  An orange demon (Lair:1)
  3 merfolk (Lair:3)
  Prince Ribbit (D:8)
  12 blink frogs
  2 wraiths (Ossuary)
  2 wyverns
  Grum (D:9)
  A steam dragon (Lair:2)
  Duvessa (D:7)
  4 water moccasins
  A black bear (D:7)
  A sky beast (D:7)
  An ogre (D:4)
  10 wolves
  6 centaurs
  3 phantoms
  2 kobold brigands
  A necrophage (D:8)
  10 bullfrogs
  4 scorpions
  2 wights (Ossuary)
  Dowan (D:7)
  2 howler monkeys
  3 lava snakes (Lair:3)
  3 hounds
  2 jellies (D:8)
  A gnoll bouda (D:6)
  An orc priest (D:4)
  3 iguanas
  6 orc wizards
  A human simulacrum (D:9)
  5 gnolls (D:6)
  7 adders
  A white imp (D:5)
  An ufetubus (D:5)
  An adder zombie (Ossuary)
  4 dart slugs
  24 orcs
  6 endoplasms
  4 giant cockroaches
  7 goblins
  8 hobgoblins
  3 jackals (D:1)
  6 quokkas
  7 ball pythons
  12 bats
  6 frilled lizards
  A hobgoblin zombie (Ossuary)
  19 kobolds
  5 kobold zombies (Ossuary)
  An orc skeleton (Ossuary)
  An orc zombie (Ossuary)
  3 rats
244 creatures vanquished.

Vanquished Creatures (others)
  A human simulacrum (D:9)
  6 fungi
  6 plants
13 creatures vanquished.

Grand Total: 257 creatures vanquished

Notes
Turn   | Place    | Note
-------+----------+-------------------------------------------
     0 | D:1      | qw the Gargoyle Fighter began the quest for the Orb.
     0 | D:1      | Reached XP level 1. HP: 14/14 MP: 1/1
     0 | D:1      | 0 ||| qw: Version: 0.2-a-17-g06abaee
     0 | D:1      | 0 ||| qw: Game counter: 2057
     0 | D:1      | 0 ||| qw: Always use a shield: true
     0 | D:1      | 0 ||| qw: God list: Okawaru
     0 | D:1      | 0 ||| qw: Allow faded altars: false
     0 | D:1      | 0 ||| qw: Do Orc after D:15 true
     0 | D:1      | 0 ||| qw: Do second Lair branch before Depths: true
     0 | D:1      | 0 ||| qw: Lair rune preference: random
     0 | D:1      | 0 ||| qw: Plans: Normal, Zot:1-4, God:TSO, Crypt, Tomb,
                  | Pan, Slime:5, Hells, Abyss, Orb
     0 | D:1      | 0 ||| PLANNING D:1-11
    25 | D:1      | Found a faded altar of an unknown god.
    50 | D:1      | 50 ||| Stepping ~*~*~tactically~*~*~ (stealth).
    56 | D:1      | Reached skill level 2 in Axes
   211 | D:1      | Reached XP level 2. HP: 19/19 MP: 2/2
   232 | D:1      | 232 ||| Stepping ~*~*~tactically~*~*~ (stealth).
   306 | D:1      | 306 ||| Stepping ~*~*~tactically~*~*~ (stealth).
   307 | D:1      | 307 ||| Stepping ~*~*~tactically~*~*~ (stealth).
   450 | D:1      | Reached skill level 3 in Axes
   485 | D:1      | 485 ||| Stepping ~*~*~tactically~*~*~ (hiding).
   495 | D:1      | Reached XP level 3. HP: 23/23 MP: 3/3
   860 | D:1      | 860 ||| UPGRADING to +0 chain mail.
   870 | D:1      | 870 ||| DROPPING +0 scale mail.
   871 | D:1      | 871 ||| UPGRADING to +4 ring of evasion.
   872 | D:1      | 872 ||| UPGRADING to +4 ring of protection.
   873 | D:1      | 873 ||| READING scroll labelled PAOCRAIPRATUS.
   874 | D:1      | 874 ||| READING scroll labelled ROGOZX KELU.
   875 | D:1      | 875 ||| READING scroll labelled UNEXKA FYXKUT.
   876 | D:1      | 876 ||| DRINKING 2 fuming dark potions.
   945 | D:2      | 945 ||| FLEEEEING.
   946 | D:2      | 946 ||| FLEEEEING.
  1542 | D:2      | Reached XP level 4. HP: 28/28 MP: 4/4
  1627 | D:2      | Reached skill level 4 in Axes
  1814 | D:2      | 1814 ||| DROPPING amulet of faith.
  1815 | D:2      | 1815 ||| READING scroll labelled ZOQASU DETO.
  1818 | D:2      | 1818 ||| READING scroll labelled OLUKOA PERE.
  1819 | D:2      | 1819 ||| READING scroll labelled MOMOSO UTOT.
  1820 | D:2      | 1820 ||| DRINKING 2 sedimented puce potions.
  1821 | D:2      | 1821 ||| READING 2 scrolls of identify.
  1821 | D:2      | 1821 ||| IDENTIFYING pink potion
  1872 | D:3      | Found a white marble altar of Elyvilon.
  1902 | D:3      | 1902 ||| Stepping ~*~*~tactically~*~*~ (stealth).
  1916 | D:3      | 1916 ||| Stepping ~*~*~tactically~*~*~ (stealth).
  1932 | D:3      | 1932 ||| DROPPING +0 club.
  1971 | D:3      | 1971 ||| READING scroll of enchant weapon.
  1971 | D:3      | 1971 ||| ENCHANTING +1 war axe.
  2012 | D:3      | 2012 ||| Stepping ~*~*~tactically~*~*~ (stealth).
  2114 | D:3      | Noticed a scorpion
  2122 | D:3      | Killed a scorpion
  2123 | D:3      | Reached XP level 5. HP: 29/32 MP: 5/5
  2175 | D:3      | Reached skill level 5 in Axes
  2211 | D:3      | 2211 ||| Stepping ~*~*~tactically~*~*~ (stealth).
  2213 | D:3      | 2213 ||| Stepping ~*~*~tactically~*~*~ (hiding).
  2295 | D:3      | 2295 ||| DROPPING +0 whip.
  2304 | D:3      | 2304 ||| Stepping ~*~*~tactically~*~*~ (stealth).
  2305 | D:3      | 2305 ||| Stepping ~*~*~tactically~*~*~ (stealth).
  2503 | D:3      | 2503 ||| DRINKING 2 viscous orange potions.
  2544 | D:3      | 2544 ||| READING 2 scrolls of identify.
  2544 | D:3      | 2544 ||| IDENTIFYING puce potion
  2710 | D:4      | Found a broken altar of Ashenzari.
  2817 | D:4      | 2817 ||| Stepping ~*~*~tactically~*~*~ (hiding).
  2820 | D:4      | Reached XP level 6. HP: 38/38 MP: 6/6
  2829 | D:4      | 2829 ||| DRINKING potion of curing.
  2829 | D:4      | 2829 ||| (to cure confusion)
  2990 | D:4      | Found a bloodstained altar of Trog.
  3002 | D:4      | 3002 ||| Stepping ~*~*~tactically~*~*~ (stealth).
  3012 | D:4      | 3012 ||| Stepping ~*~*~tactically~*~*~ (stealth).
  3016 | D:4      | Reached skill level 6 in Axes
  3021 | D:4      | Found a shimmering altar of Xom.
  3148 | D:4      | 3148 ||| Stepping ~*~*~tactically~*~*~ (stealth).
  3158 | D:4      | Reached skill level 1 in Dodging
  3158 | D:4      | Reached XP level 7. HP: 23/43 MP: 7/7
  3207 | D:4      | 3207 ||| FLEEEEING.
  3208 | D:4      | 3208 ||| FLEEEEING.
  3209 | D:4      | 3209 ||| FLEEEEING.
  3210 | D:4      | 3210 ||| FLEEEEING.
  3211 | D:4      | 3211 ||| FLEEEEING.
  3212 | D:4      | 3212 ||| FLEEEEING.
  3216 | D:4      | 3216 ||| FLEEEEING.
  3217 | D:4      | 3217 ||| FLEEEEING.
  3277 | D:4      | 3277 ||| DROPPING orb of wrath.
  3278 | D:4      | 3278 ||| READING 2 scrolls labelled CESHYOCICVO.
  3279 | D:4      | 3279 ||| DRINKING 2 purple potions.
  3280 | D:4      | 3280 ||| READING 5 scrolls of identify.
  3280 | D:4      | 3280 ||| IDENTIFYING red potion
  3281 | D:4      | 3281 ||| READING 4 scrolls of identify.
  3281 | D:4      | 3281 ||| IDENTIFYING emerald potion
  3282 | D:4      | 3282 ||| READING 3 scrolls of identify.
  3282 | D:4      | 3282 ||| IDENTIFYING grey potion
  3283 | D:4      | 3283 ||| DROPPING potion of degeneration.
  3284 | D:4      | 3284 ||| DROPPING potion of ambrosia.
  3285 | D:4      | 3285 ||| DROPPING scroll of butterflies.
  3286 | D:4      | 3286 ||| DROPPING potion of brilliance.
  3307 | D:5      | Entered Level 5 of the Dungeon
  3308 | D:5      | 3308 ||| PLANNING OSSUARY
  3386 | D:5      | 3386 ||| Stepping ~*~*~tactically~*~*~ (hiding).
  3420 | D:5      | Found a sand-covered staircase.
  3421 | D:5      | 3421 ||| READING scroll labelled MAIHIHOACI.
  3529 | Ossuary  | Entered an ossuary
  3621 | Ossuary  | Noticed a flying skull
  3621 | Ossuary  | Noticed a wraith
  3634 | Ossuary  | Noticed a flying skull
  3651 | Ossuary  | Noticed a flying skull
  3661 | Ossuary  | Noticed a wraith
  3674 | Ossuary  | HP: 7/43 [wraith (4)]
  3675 | Ossuary  | 3675 ||| READING scroll of teleportation.
  3676 | Ossuary  | 3676 ||| DRINKING 2 potions of heal wounds.
  3750 | Ossuary  | Killed a wraith
  3751 | Ossuary  | Reached skill level 7 in Axes
  3756 | Ossuary  | Noticed a flying skull
  3778 | Ossuary  | Noticed a flying skull
  3784 | Ossuary  | Noticed a wraith
  3798 | Ossuary  | Killed a wraith
  3799 | Ossuary  | Reached XP level 8. HP: 40/50 MP: 8/8
  3831 | Ossuary  | 3831 ||| READING scroll labelled SODOUF DIMYGO SAY.
  3831 | Ossuary  | Identified a scroll of acquirement
  3831 | Ossuary  | 3831 ||| ACQUIRING +3 pair of gauntlets of War {Slay+5}
  3831 | Ossuary  | Acquired the +3 pair of gauntlets of War {Slay+5}
  3831 | Ossuary  | Found the +3 pair of gauntlets of War {Slay+5}
  3833 | Ossuary  | 3833 ||| UPGRADING to +3 pair of gauntlets of War {Slay+5}.
  3838 | Ossuary  | 3838 ||| READING scroll labelled REUCVE TURAE.
  3839 | Ossuary  | 3839 ||| READING 2 scrolls labelled RAPSEPR MYAM.
  3840 | Ossuary  | 3840 ||| READING scroll labelled NALULI VEZI.
  3841 | Ossuary  | 3841 ||| READING 2 scrolls of identify.
  3841 | Ossuary  | 3841 ||| IDENTIFYING fuming cyan potion
  3842 | Ossuary  | 3842 ||| DROPPING potion of flight.
  3843 | Ossuary  | 3843 ||| DROPPING scroll of blinking.
  3892 | D:5      | 3892 ||| PLANNING D:1-11
  3907 | D:5      | Reached skill level 1 in Throwing
  4035 | D:5      | Found a staircase to the Ecumenical Temple.
  4036 | D:5      | 4036 ||| PLANNING TEMPLE
  4036 | D:5      | 4036 ||| READING 2 scrolls of identify.
  4036 | D:5      | 4036 ||| IDENTIFYING sapphire potion
  4037 | D:5      | 4037 ||| DROPPING potion of invisibility.
  4048 | Temple   | Entered the Ecumenical Temple
  4049 | Temple   | 4049 ||| PLANNING OKAWARU WORSHIP
  4059 | Temple   | 4059 ||| READING scroll labelled QOSHRI SYSA.
  4060 | Temple   | 4060 ||| READING scroll labelled JURCHU CY ZOU.
  4069 | Temple   | Became a worshipper of Warmaster Okawaru
  4070 | Temple   | 4070 ||| PLANNING D:1-11
  4249 | D:6      | 4249 ||| Stepping ~*~*~tactically~*~*~ (hiding).
  4250 | D:6      | 4250 ||| Stepping ~*~*~tactically~*~*~ (hiding).
  4251 | D:6      | 4251 ||| Stepping ~*~*~tactically~*~*~ (hiding).
  4253 | D:6      | 4253 ||| Stepping ~*~*~tactically~*~*~ (hiding).
  4259 | D:6      | Reached skill level 8 in Axes
  4276 | D:6      | Reached skill level 6 in Fighting
  4305 | D:6      | 4305 ||| FLEEEEING.
  4306 | D:6      | 4306 ||| FLEEEEING.
  4307 | D:6      | 4307 ||| FLEEEEING.
  4312 | D:6      | 4312 ||| STAIRDANCE
  4378 | D:6      | Identified the +6 whip of Amorality {drain, Dex+2}
  4380 | D:6      | 4380 ||| DROPPING +6 whip of Amorality {drain, Dex+2}.
  4417 | D:6      | 4417 ||| Stepping ~*~*~tactically~*~*~ (stealth).
  4418 | D:6      | 4418 ||| Stepping ~*~*~tactically~*~*~ (stealth).
  4428 | D:6      | Found an ancient bone altar of Kikubaaqudgha.
  4429 | D:6      | 4429 ||| Stepping ~*~*~tactically~*~*~ (hiding).
  4437 | D:6      | 4437 ||| Stepping ~*~*~tactically~*~*~ (stealth).
  4553 | D:6      | 4553 ||| Stepping ~*~*~tactically~*~*~ (stealth).
  4556 | D:6      | 4556 ||| Stepping ~*~*~tactically~*~*~ (stealth).
  4560 | D:6      | 4560 ||| Stepping ~*~*~tactically~*~*~ (hiding).
  4566 | D:6      | 4566 ||| DRINKING 3 potions of curing.
  4566 | D:6      | 4566 ||| (to cure confusion)
  4626 | D:6      | Reached * piety under Okawaru
  4647 | D:6      | 4647 ||| READING scroll of enchant weapon.
  4647 | D:6      | 4647 ||| ENCHANTING +2 war axe.
  4767 | D:6      | 4767 ||| UPGRADING to +0 pair of boots.
  4772 | D:6      | 4772 ||| READING scroll of enchant armour.
  4772 | D:6      | 4772 ||| ENCHANTING +0 pair of boots.
  4773 | D:6      | 4773 ||| DROPPING ring of wizardry.
  4774 | D:6      | 4774 ||| DROPPING ring of magical power.
  4775 | D:6      | 4775 ||| READING scroll labelled GUSTIE VEKU.
  4776 | D:6      | 4776 ||| READING 4 scrolls of identify.
  4776 | D:6      | 4776 ||| IDENTIFYING amethyst potion
  4777 | D:6      | 4777 ||| READING 3 scrolls of identify.
  4777 | D:6      | 4777 ||| IDENTIFYING fuming brown potion
  4778 | D:6      | 4778 ||| DROPPING potion of berserk rage.
  4802 | D:7      | Noticed Dowan
  4803 | D:7      | 4803 ||| Stepping ~*~*~tactically~*~*~ (hiding).
  4806 | D:7      | Noticed Duvessa
  4812 | D:7      | Killed Dowan
  4813 | D:7      | Reached XP level 9. HP: 50/55 MP: 9/9
  4813 | D:7      | 4813 ||| INVOKING Heroism.
  4825 | D:7      | Killed Duvessa
  4826 | D:7      | Reached skill level 9 in Axes
  4902 | D:7      | Reached skill level 1 in Invocations
  4923 | D:7      | Noticed Pikel
  4924 | D:7      | 4924 ||| INVOKING Heroism.
  4934 | D:7      | Killed Pikel
  4964 | D:7      | 4964 ||| Stepping ~*~*~tactically~*~*~ (stealth).
  4967 | D:7      | 4967 ||| INVOKING Heroism.
  5069 | D:7      | 5069 ||| Stepping ~*~*~tactically~*~*~ (stealth).
  5073 | D:7      | 5073 ||| Stepping ~*~*~tactically~*~*~ (stealth).
  5401 | D:7      | 5401 ||| Stepping ~*~*~tactically~*~*~ (hiding).
  5403 | D:7      | 5403 ||| Stepping ~*~*~tactically~*~*~ (hiding).
  5411 | D:7      | Reached skill level 3 in Invocations
  5420 | D:7      | Found an ornate altar of the Wu Jian Council.
  5427 | D:7      | 5427 ||| Stepping ~*~*~tactically~*~*~ (stealth).
  5429 | D:7      | 5429 ||| INVOKING Heroism.
  5537 | D:7      | 5537 ||| READING scroll labelled XURINKOXTI.
  5585 | D:8      | Noticed qw's ghost (novice GrFi)
  5585 | D:8      | Noticed Maggie
  5586 | D:8      | 5586 ||| FLEEEEING.
  5587 | D:8      | 5587 ||| FLEEEEING.
  5588 | D:8      | 5588 ||| FLEEEEING.
  5594 | D:8      | 5594 ||| FLEEEEING.
  5595 | D:8      | 5595 ||| FLEEEEING.
  5596 | D:8      | 5596 ||| FLEEEEING.
  5600 | D:8      | 5600 ||| STAIRDANCE
  5712 | D:8      | 5712 ||| INVOKING Heroism.
  5722 | D:8      | Killed Maggie
  5722 | D:8      | Reached ** piety under Okawaru
  5737 | D:8      | Reached XP level 10. HP: 63/63 MP: 11/13
  5793 | D:8      | Found a runed translucent door.
  5799 | D:8      | 5799 ||| Stepping ~*~*~tactically~*~*~ (stealth).
  5829 | D:8      | 5829 ||| READING scroll of enchant weapon.
  5829 | D:8      | 5829 ||| ENCHANTING +3 war axe.
  5860 | D:8      | Found a flagged portal.
  5956 | D:8      | 5956 ||| INVOKING Heroism.
  6127 | D:8      | 6127 ||| INVOKING Heroism.
  6204 | D:8      | Noticed Prince Ribbit
  6223 | D:8      | Killed Prince Ribbit
  6531 | D:8      | 6531 ||| READING 3 scrolls of identify.
  6531 | D:8      | 6531 ||| IDENTIFYING silvery potion
  6552 | D:9      | Noticed a two-headed ogre
  6553 | D:9      | 6553 ||| INVOKING Heroism.
  6556 | D:9      | Killed a two-headed ogre
  6557 | D:9      | Reached skill level 10 in Axes
  6569 | D:9      | Found a sparkling altar of Nemelex Xobeh.
  6574 | D:9      | Noticed a red ugly thing
  6587 | D:9      | Killed a red ugly thing
  6715 | D:9      | Noticed a two-headed ogre
  6716 | D:9      | 6716 ||| INVOKING Heroism.
  6725 | D:9      | Killed a two-headed ogre
  6725 | D:9      | Reached *** piety under Okawaru
  6726 | D:9      | Reached skill level 9 in Fighting
  6741 | D:9      | Noticed Grum
  6750 | D:9      | 6750 ||| INVOKING Heroism.
  6757 | D:9      | Killed Grum
  6758 | D:9      | Reached skill level 6 in Armour
  6846 | D:9      | Found a staircase to the Lair.
  6921 | D:9      | Found a stormy altar of Qazlal.
  6929 | D:9      | 6929 ||| Stepping ~*~*~tactically~*~*~ (hiding).
  7044 | D:9      | Found a large runed translucent door.
  7044 | D:9      | Found a large runed translucent door.
  7049 | D:9      | Noticed qw's ghost (novice GrFi)
  7400 | D:9      | Found a sacrificial altar of Ru.
  7530 | D:9      | 7530 ||| INVOKING Heroism.
  7718 | D:9      | 7718 ||| PLANNING LAIR
  7718 | D:9      | 7718 ||| UPGRADING to +2 helmet.
  7757 | Lair:1   | Entered Level 1 of the Lair of Beasts
  7757 | Lair:1   | Noticed Erica
  7758 | Lair:1   | 7758 ||| PLANNING GAUNTLET
  7758 | Lair:1   | 7758 ||| INVOKING Heroism.
  7772 | Lair:1   | Killed Erica
  7772 | Lair:1   | Reached **** piety under Okawaru
  7773 | Lair:1   | Reached skill level 11 in Axes
  7773 | Lair:1   | Reached XP level 11. HP: 55/71 MP: 12/14
  7884 | Lair:1   | 7884 ||| INVOKING Heroism.
  7940 | Lair:1   | 7940 ||| INVOKING Heroism.
  8034 | Lair:1   | Noticed Amaemon
  8035 | Lair:1   | 8035 ||| Stepping ~*~*~tactically~*~*~ (hiding).
  8037 | Lair:1   | 8037 ||| Stepping ~*~*~tactically~*~*~ (hiding).
  8038 | Lair:1   | 8038 ||| INVOKING Heroism.
  8048 | Lair:1   | Killed Amaemon
  8049 | Lair:1   | Reached skill level 3 in Throwing
  8049 | Lair:1   | Reached skill level 6 in Invocations
  8059 | Lair:1   | 8059 ||| DROPPING +0 flail.
  8111 | Lair:1   | 8111 ||| INVOKING Heroism.
  8138 | Lair:1   | 8138 ||| INVOKING Heroism.
  8167 | Lair:1   | Noticed Fannar
  8171 | Lair:1   | 8171 ||| INVOKING Heroism.
  8192 | Lair:1   | HP: 7/71 [Fannar/bolt of cold (31)]
  8193 | Lair:1   | 8193 ||| DRINKING 5 potions of heal wounds.
  8203 | Lair:1   | Killed Fannar
  8203 | Lair:1   | Reached ***** piety under Okawaru
  8361 | Lair:1   | 8361 ||| RIP GAUNTLET
  8482 | Lair:1   | 8482 ||| PLANNING LAIR
  8525 | Lair:1   | 8525 ||| INVOKING Heroism.
  8716 | Lair:1   | 8716 ||| UPGRADING to amulet of reflection.
  8721 | Lair:1   | 8721 ||| READING scroll labelled ENYWIH ZOGAJUP.
  8722 | Lair:1   | 8722 ||| DROPPING +0 demon whip of venom.
  8757 | Lair:2   | 8757 ||| INVOKING Heroism.
  8829 | Lair:2   | 8829 ||| READING scroll of acquirement.
  8829 | Lair:2   | 8829 ||| ACQUIRING +2 broad axe of flaming
  8829 | Lair:2   | Acquired a +2 broad axe of flaming
  8831 | Lair:2   | 8831 ||| SWAPPING to +2 broad axe of flaming.
  8832 | Lair:2   | 8832 ||| DROPPING +4 war axe of flaming.
  8893 | Lair:2   | 8893 ||| Stepping ~*~*~tactically~*~*~ (stealth).
  8894 | Lair:2   | 8894 ||| INVOKING Heroism.
  8942 | Lair:2   | 8942 ||| Stepping ~*~*~tactically~*~*~ (stealth).
  8957 | Lair:2   | Reached XP level 12. HP: 76/76 MP: 18/18
  8983 | Lair:2   | Found a hole to the Spider Nest.
  8985 | Lair:2   | 8985 ||| INVOKING Heroism.
  8991 | Lair:2   | Received a gift from Okawaru
  8992 | Lair:2   | Reached skill level 12 in Axes
  8996 | Lair:2   | Reached skill level 6 in Shields
  9011 | Lair:2   | Reached skill level 9 in Invocations
  9108 | Lair:2   | 9108 ||| Stepping ~*~*~tactically~*~*~ (hiding).
  9114 | Lair:2   | 9114 ||| INVOKING Heroism.
  9448 | Lair:2   | 9448 ||| UPGRADING to scarf of resistance.
  9510 | Lair:3   | Found a staircase to the Shoals.
  9511 | Lair:3   | 9511 ||| Stepping ~*~*~tactically~*~*~ (hiding).
  9516 | Lair:3   | 9516 ||| INVOKING Heroism.
  9722 | Lair:3   | 9722 ||| INVOKING Heroism.
  9723 | Lair:3   | Noticed a death yak
  9723 | Lair:3   | Noticed a death yak
  9723 | Lair:3   | Noticed a death yak
  9723 | Lair:3   | Noticed a death yak
  9723 | Lair:3   | 9723 ||| INVOKING Finesse.
  9723 | Lair:3   | Noticed a death yak
  9724 | Lair:3   | Noticed a death yak
  9749 | Lair:3   | Noticed a six-headed hydra
  9757 | Lair:3   | 9757 ||| DRINKING 3 potions of curing.
  9757 | Lair:3   | 9757 ||| (to cure confusion)
  9763 | Lair:3   | Killed a one-headed hydra
  9766 | Lair:3   | 9766 ||| DRINKING 2 potions of curing.
  9766 | Lair:3   | 9766 ||| (to cure confusion)
  9796 | Lair:3   | Lost intelligence.
  9810 | Lair:3   | 9810 ||| INVOKING Heroism.
  9812 | Lair:3   | 9812 ||| DRINKING potion of curing.
  9812 | Lair:3   | 9812 ||| (to cure confusion)
  9817 | Lair:3   | Noticed a seven-headed hydra
  9830 | Lair:3   | 9830 ||| INVOKING Heroism.
  9887 | Lair:3   | 9887 ||| FLEEEEING.
  9888 | Lair:3   | 9888 ||| FLEEEEING.
  9889 | Lair:3   | 9889 ||| FLEEEEING.
  9890 | Lair:3   | 9890 ||| FLEEEEING.
  9891 | Lair:3   | 9891 ||| FLEEEEING.
  9898 | Lair:3   | 9898 ||| STAIRDANCE
  9975 | Lair:3   | 9975 ||| INVOKING Heroism.
  9976 | Lair:3   | 9976 ||| INVOKING Finesse.
 10026 | Lair:3   | 10026 ||| INVOKING Heroism.
 10031 | Lair:3   | Noticed a death yak
 10058 | Lair:3   | 10058 ||| INVOKING Heroism.
 10089 | Lair:3   | Received a gift from Okawaru
 10186 | Lair:3   | 10186 ||| INVOKING Heroism.
 10212 | Lair:3   | 10212 ||| INVOKING Heroism.
 10239 | Lair:3   | 10239 ||| DROPPING +4 vorpal war axe.
 10320 | Lair:3   | 10320 ||| INVOKING Heroism.
 10321 | Lair:3   | 10321 ||| INVOKING Finesse.
 10421 | Lair:3   | 10421 ||| INVOKING Heroism.
 10433 | Lair:3   | HP: 11/77 [yak[an orange crystal statue] (10)]
 10434 | Lair:3   | 10434 ||| DRINKING 4 potions of heal wounds.
 10528 | Lair:3   | 10528 ||| INVOKING Heroism.
 10529 | Lair:3   | 10529 ||| INVOKING Finesse.
 10555 | Lair:3   | 10555 ||| INVOKING Heroism.
 10560 | Lair:3   | Noticed a death yak
 10560 | Lair:3   | Noticed a death yak
 10560 | Lair:3   | Noticed a death yak
 10622 | Lair:3   | 10622 ||| INVOKING Heroism.
 10663 | Lair:3   | 10663 ||| FLEEEEING.
 10664 | Lair:3   | 10664 ||| FLEEEEING.
 10712 | Lair:3   | 10712 ||| FLEEEEING.
 10713 | Lair:3   | 10713 ||| FLEEEEING.
 10720 | Lair:3   | 10720 ||| INVOKING Heroism.
 10804 | Lair:3   | 10804 ||| FLEEEEING.
 10805 | Lair:3   | 10805 ||| FLEEEEING.
 10806 | Lair:3   | 10806 ||| FLEEEEING.
 10874 | Lair:3   | 10874 ||| INVOKING Heroism.
 10895 | Lair:3   | Noticed a death yak
 10896 | Lair:3   | Noticed a death yak
 10899 | Lair:3   | Noticed a death yak
 10901 | Lair:3   | Noticed a death yak
 10905 | Lair:3   | 10905 ||| INVOKING Heroism.
 10910 | Lair:3   | HP: 3/77 [death yak[an orange crystal statue] (17)]
 10910 | Lair:3   | Slain by a death yak

Levels and vault maps discovered:
D:1:      dpeg_arrival_rooms_a, layout_loops_ring,
          shapermc_ecumenical_altar_mp_urbaneastern
D:2:      layout_basic
D:3:      layout_rooms, nicolae_elyvilon_peaceful_grove, minmay_cut_off
D:4:      layout_loops_ring, mainiacjoe_overflow_six_doors_small,
          mainiacjoe_overflow_large_starburst
D:5:      layout_basic, minmay_temple_entry_glass, chequers_ossuary_entry_cave
D:6:      layout_cave_pools, mainiacjoe_overflow_catwalk
D:7:      layout_rooms, mainiacjoe_overflow_small_starburst,
          grunt_ministairs_14, kennysheep_pointless_box, dk_noncrumbling_4,
          uniq_pikel, uniq_duvessa
D:8:      layout_loops_corners, hellmonk_ghost_big_iron, enter_bailey_5,
          uniq_maggie, uniq_prince_ribbit1
D:9:      layout_stronghold, lemuel_coloured_pillars_altar,
          mainiacjoe_overflow_paths, mainiacjoe_overflow_24_doors,
          dpeg_oklobed_lair, ebering_ghost_disaster_area, bh_circular_ruins,
          uniq_grum
Temple:   minmay_freezing_vapour_temple
Lair:1:   layout_hall_layers, gauntlet_entry_generic, grunt_megastairs_1,
          uniq_erica, uniq_fannar, uniq_amaemon
Lair:2:   layout_chaotic_city, spider_nest_entry_web_field
Lair:3:   layout_misc_corridors, elwin_shoals_entry_stream,
          portal_ice_cave_entry_pillars_1, disabler_island

Skill      XL: |  1  2  3  4  5  6  7  8  9 10 11 12 |
---------------+-------------------------------------+-----
Axes           | 2 3 4 5 6 7 8 9 11 12 | 12.0
Fighting       | 4 5 6 7 9 10 | 10.0
Dodging        | 1 2 |  2.0
Throwing       | 1 3 |  3.0
Armour         | 4 5 6 7 |  7.3
Invocations    | 4 8 9 |  9.9
Shields        | 5 6 |  6.0

Action                   |  1- 3 |  4- 6 |  7- 9 | 10-12 || total
-------------------------+-------+-------+-------+-------++-------
Melee: War axe           |   131 |   122 |   231 |   189 ||   673
       Broad axe         |       |       |       |   320 ||   320
Throw: Boomerang         |    12 |    44 |    32 |       ||    88
       Javelin           |       |       |       |    34 ||    34
Invok: Heroism           |       |       |     5 |    35 ||    40
       Finesse           |       |       |       |     4 ||     4
  Use: Scroll            |     3 |     6 |    20 |     4 ||    33
       Potion            |     1 |     3 |     3 |     5 ||    12
Armor: Scale mail        |    41 |       |       |       ||    41
       Chain mail        |    27 |    56 |   103 |   320 ||   506
Dodge: Dodged            |    82 |    46 |   122 |   334 ||   584
Block: Buckler           |    30 |    21 |    41 |   185 ||   277
       Reflection        |       |       |       |     1 ||     1

Table legend:
 A = Non-vault XP
 B = Vault XP
 C = Vault XP percentage of total XP
 D = Non-vault monster count
 E = Vault monster count
 F = Vault count percentage of total count
                 A         B        C        D         E       F
            +---------+---------+-------+---------+---------+-------
      Total |   16088 |    6968 |  30.2 |     204 |      40 |  16.4
            +---------+---------+-------+---------+---------+-------
        D:1 |      40 |       0 |   0.0 |      23 |       0 |   0.0
        D:2 |      70 |       0 |   0.0 |      20 |       0 |   0.0
        D:3 |     195 |       0 |   0.0 |      29 |       0 |   0.0
        D:4 |     381 |       0 |   0.0 |      21 |       0 |   0.0
        D:5 |     405 |       0 |   0.0 |      12 |       0 |   0.0
        D:6 |     661 |       0 |   0.0 |      22 |       0 |   0.0
        D:7 |     632 |    1024 |  61.8 |      13 |       5 |  27.8
        D:8 |     340 |     706 |  67.5 |       6 |       5 |  45.5
        D:9 |    2792 |     665 |  19.2 |      16 |       6 |  27.3
     Lair:1 |    4339 |    2921 |  40.2 |      17 |       5 |  22.7
     Lair:2 |    4863 |       0 |   0.0 |      22 |       0 |   0.0
     Lair:3 |    1370 |    1074 |  43.9 |       3 |       6 |  66.7
    Ossuary |       0 |     578 | 100.0 |       0 |      13 | 100.0
            +---------+---------+-------+---------+---------+-------
